 Dungeon Crawl Stone Soup version 0.29.1-15-g9cfb28693d (webtiles) character file.

Game seed: 303035155723441605

177 hawla the Firebug (level 6, 0/46 HPs)
             Began as a Meteoran Fire Elementalist on Apr 22, 2023.
             Was an Initiate of Vehumet.
             Shot with an arrow by a centaur (12 damage)
             ... on level 5 of the Dungeon.
             The game lasted 00:04:59 (872 turns).

hawla the Firebug (Meteoran Fire Elementalist)       Turns: 872, Time: 00:04:59

Health: 0/46       AC:  7    Str: 11    XL:     6   Next: 12%
Magic:  3/13       EV: 13    Int: 18    God:    Vehumet [......]
Gold:   67         SH:  0    Dex: 14    Spells: 6/13 levels left

rFire   . . .      SeeInvis .   (no weapon)
rCold   . . .      Faith    .   (no shield)
rNeg    . . .      Spirit   .   a - +0 robe
rPois   .          Reflect  .   (no helmet)
rElec   .          Harm     .   (no cloak)
rCorr   .          Rampage  .   (no gloves)
Will    .....                   m - +0 pair of boots
Stlth   +.........              (no amulet)
HPRegen 0.15/turn               d - +4 ring of protection
MPRegen 0.13/turn               (no ring)

@: glowing
A: sense surroundings 1, otherworldly, glowing, explore regen
a: Renounce Religion


You were on level 5 of the Dungeon.
You worshipped Vehumet.
Vehumet was noncommittal.
You visited 2 branches of the dungeon, and saw 6 of its levels.

You collected 67 gold pieces.

Inventory:

Armour
 a - a +0 robe (worn)
 m - a +0 pair of boots (worn)
Jewellery
 d - a +4 ring of protection (left hand)
 o - an amulet of the acrobat
Scrolls
 e - 2 scrolls of enchant weapon {unknown}
 f - a scroll of immolation {unknown}
 g - a scroll of identify {unknown}
 h - a scroll of silence {unknown}
 j - a scroll of poison {unknown}
 k - a scroll of noise {unknown}
 p - a scroll of enchant armour {unknown}
 q - a scroll of fog {unknown}
Potions
 b - a potion of magic
 c - 2 potions of cancellation {unknown}
 i - 3 potions of curing {unknown}
 l - a potion of heal wounds {unknown}
 n - a potion of resistance {unknown}


   Skills:
 + Level 0.4 Fighting
 + Level 2.9 Dodging
 - Level 1.4 Stealth
 + Level 4.1 Spellcasting
 + Level 4.3 Conjurations
 + Level 4.4 Fire Magic


You had 6 spell levels left.
You knew the following spells:

 Your Spells              Type           Power      Damage    Failure   Level
a - Foxfire               Conj/Fire      76%        2x1d7     2%          1
b - Scorch                Fire           38%        2d6       3%          2
c - Flame Wave            Conj/Fire      19%        2d7       24%         4

Your spell library contained the following spells:

 Spells                   Type           Power      Damage    Failure   Level
 Conjure Flame            Conj/Fire      19%        6-21      7%          3
 Inner Flame              Hex/Fire       11%        N/A       17%         3


Dungeon Overview and Level Annotations

Branches:
Dungeon (5/15) Zot: 2168   Temple (1/1) D:4 Zot: 559

Altars:
Ashenzari
Cheibriados
Dithmenos
Elyvilon
Gozag
Makhleb
Okawaru
Qazlal
Sif Muna
Uskayaw
Vehumet
Wu Jian
Xom
Yredelemnul
Zin
The Shining One

Shops:
D:3 !


Innate Abilities, Weirdness & Mutations

You passively map a small area around you.
You are easily found by Zot.
You glow in the dark.
You regain HP and MP as you explore.


Message History

You conjure some foxfire!
The foxfire hits the ice beast.
The ice beast melts!
The ice beast is moderately wounded.
The foxfire hits the ice beast.
The ice beast melts!
The ice beast is moderately wounded.
The foxfire hits the ice beast.
The ice beast melts!
The ice beast is heavily wounded.
The foxfire hits the ice beast.
The ice beast is heavily wounded.
Casting: Foxfire (safe; 3% risk of failure)
Confirm with . or Enter, or press ? or * to list all spells.
You conjure some foxfire!
The foxfire hits the ice beast but does no damage.
The ice beast is heavily wounded.
Unknown command.
Casting: Foxfire (safe; 3% risk of failure)
Confirm with . or Enter, or press ? or * to list all spells.
Flames lash the ice beast.
The ice beast melts!
The ice beast is severely wounded.
The ice beast's fire resistance burns away.
The foxfire hits the ice beast but does no damage.
The ice beast is severely wounded.
The foxfire hits the ice beast.
The ice beast melts!
The ice beast is almost dead.
The ice beast hits you. The ice beast freezes you!
Unknown command.
Casting: Scorch (safe; 4% risk of failure)
Confirm with . or Enter, or press ? or * to list all spells.
Flames lash the ice beast.
The ice beast melts!
You kill the ice beast!
Vehumet accepts your kill.
Training target 4.2 for Conjurations reached!
Your Conjurations skill gained 2 levels and is now at level 4!
You need to enable at least one skill for training.
Your Spellcasting skill increases to level 4!
You have reached level 6!
You feel stronger.
The centaur shoots an arrow.
The arrow hits you.
* * * LOW HITPOINT WARNING * * *
The centaur shoots an arrow.
The arrow hits you!
You die...

#.....### .........
** * #........ ,
#........ , , ,
....≈≈≈.. , *
#...≈c≈ *,
#######...# ,, * ,
.......$..# , , #.#
#######@### # *
#.##########.###P##
*
,#.##..............#
*
,#.##..............#
*
#.##..............#
,
#............##...#
*
#...................
#............##...##
#.#########......##*


You could see a centaur.

Vanquished Creatures
  An ice beast (D:5)
  3 adders
  A shadow imp (D:3)
  A worm (D:4)
  2 dart slugs
  An orc (D:3)
  3 bats
  3 endoplasms
  2 giant cockroaches (D:1)
  A goblin (D:4)
  3 hobgoblins
  3 jackals (D:4)
  4 kobolds
  3 quokkas
  2 frilled lizards (D:1)
  3 rats
36 creatures vanquished.

Vanquished Creatures (collateral kills)
  2 foxfires (D:2)
2 creatures vanquished.

Vanquished Creatures (others)
  A demonic plant (D:2)
  108 foxfires
  3 fungi (D:2)
  4 plants (D:2)
  A withered plant (D:2)
117 creatures vanquished.

Grand Total: 155 creatures vanquished

Notes
Turn   | Place    | Note
-------+----------+-------------------------------------------
     0 | D:1      | hawla the Meteoran Fire Elementalist began the quest for
                  | the Orb.
     0 | D:1      | Reached XP level 1. HP: 14/14 MP: 5/5
    48 | D:1      | Reached XP level 2. HP: 12/20 MP: 1/6
   114 | D:1      | Reached XP level 3. HP: 25/26 MP: 2/8
   226 | D:2      | Found a faded altar of an unknown god.
   258 | D:2      | Learned a level 2 spell: Scorch
   464 | D:3      | Found a radiant altar of Vehumet.
   472 | D:3      | Became a worshipper of Vehumet
   498 | D:3      | Reached XP level 4. HP: 34/34 MP: 5/10
   503 | D:3      | Learned a level 4 spell: Flame Wave
   512 | D:3      | Found Patelir's Distillery.
   755 | D:4      | Found a staircase to the Ecumenical Temple.
   760 | D:4      | Reached XP level 5. HP: 39/39 MP: 5/11
   766 | Temple   | Entered the Ecumenical Temple
   834 | D:5      | Entered Level 5 of the Dungeon
   863 | D:5      | Noticed a centaur
   863 | D:5      | Noticed an ice beast
   871 | D:5      | Killed an ice beast
   872 | D:5      | Reached XP level 6. HP: 17/46 MP: 3/13
   872 | D:5      | Shot with an arrow by a centaur

Illustrated notes

Levels and vault maps discovered:
D:1:      roderic_dead_forest, layout_rooms, hangedman_decor_riveting,
          nicolae_wormholes
D:2:      layout_loops_ring, shapermc_ecumenical_altar_gd
D:3:      layout_basic, trog_three_pillars_becter, nicolae_vehumet_altar_sigil,
          serial_shops, nicolae_shop_advertising_works
          [nicolae_subvault_shop_adworks]
D:4:      layout_basic, minmay_temple_entry_arrows, uniq_ijyb
D:5:      layout_basic, kb_lookout_dungeons_type, minmay_misc_feat_tiny,
          serial_bayou_lagoon_a, uniq_menkaure
Temple:   hellmonk_temple_of_storms

Skill      XL: |  1  2  3  4  5 |
---------------+----------------+-----
Spellcasting   | 3 4 |  4.1
Fire Magic     | 4 |  4.4
Conjurations   | 2 4 |  4.3
Fighting       | |  0.4
Dodging        | |  2.9
Stealth        | |  1.4

Action                   |  1- 3 |  4- 6 || total
-------------------------+-------+-------++-------
Melee: Unarmed           |     5 |       ||     5
 Cast: Foxfire           |    36 |    28 ||    64
       Scorch            |     4 |     4 ||     8
Armor: Robe              |     8 |     1 ||     9
Dodge: Dodged            |     8 |     3 ||    11
